Map: Corrosion EC

Players

HoldTheDoor

  • Race: Protoss Protoss
  • League: Diamond
  • Spawn Location: 5:00

Alex - Winner!

  • Race: Terran Terran
  • League: Diamond
  • Spawn Location: 11:00

VOD

Have the link to the VOD?

Description

Time

  • Played on: July 2, 2018, 10:41 a.m.
  • Length: 16:50
Show
View Real Time Build Order
Export as new Build Order

HoldTheDoor Protoss 

Build Orders: Colossus Rush 

Get SALT Encoding   

  12  0:01  Probe  
  13  0:13  Probe  
  14  0:17  Pylon  
  14  0:25  Probe  
  15  0:35  Probe  
  15  0:36  Gateway  
  16  0:43  Probe  
  16  0:44  Assimilator  
  17  0:53  Assimilator, Probe  
  18  1:05  Probe  
  19  1:12  Gateway  
  19  1:17  Probe  
  20  1:25  Cybernetics Core  
  20  1:29  Probe  
  21  1:35  Pylon  
  21  1:41  Probe  
  22  1:53  Warp Gate  
  22  1:54  Probe  
  23  2:00  Stalker  
  23  2:01  Stalker  
  27  2:07  Pylon  
  27  2:12  Probe  
  29  2:30  Stalker, Probe  
  29  2:31  Stalker  
  33  2:42  Probe  
  34  2:57  Robotics Facility  
  34  3:01  Probe, Pylon  
  35  3:41  Immortal  
  39  3:58  Stalker x2  
  39  4:00  Probe  
  44  4:10  Nexus, Pylon  
  44  4:12  Probe  
  44  4:14  Observer  
  46  4:24  Probe  
  47  4:31  Pylon  
  47  4:32  Immortal  
  47  4:37  Probe  
  47  4:38  Stalker  
  54  4:49  Stalker, Pylon  
  54  4:50  Probe  
  57  4:59  Robotics Bay  
  57  5:03  Probe  
  58  5:13  Immortal  
  62  5:15  Probe  
  63  5:27  Probe  
  64  5:30  Forge  
  64  5:36  Stalker x2  
  68  5:45  Probe x2, Pylon  
  70  5:52  Protoss Ground Armor Level 1  
  70  5:55  Colossus  
  70  6:03  Probe x2  
  78  6:07  Assimilator  
  78  6:19  Pylon  
  78  6:24  Assimilator  
  78  6:26  Stalker  
  78  6:32  Zealot  
  82  6:41  Extended Thermal Lance  
  82  6:54  Zealot x2  
  82  7:01  Probe x2  
  88  7:04  Colossus  
  94  7:13  Probe x2  
  94  7:14  Gateway  
  96  7:16  Forge  
  96  7:18  Gateway  
  96  7:25  Twilight Council  
  96  7:27  Pylon  
  96  7:30  Zealot  
  96  7:33  Zealot  
  100  7:48  Colossus  
  100  7:49  Protoss Shields Level 1  
  100  7:51  Zealot  
  101  7:52  Protoss Ground Armor Level 2  
  101  7:55  Charge  
  107  8:15  Pylon  
  107  8:18  Zealot  
  109  8:24  Pylon  
  91  8:52  Zealot x4  
  99  8:59  Pylon  
  99  9:03  Nexus  
  99  9:08  Pylon  
  99  9:12  Immortal  
  103  9:20  Probe  
  103  9:22  Probe  
  105  9:29  Stalker  
  105  9:30  Stalker  
  109  9:33  Photon Cannon  
  109  9:37  Photon Cannon  
  101  9:41  Stalker  
  101  9:42  Stalker  
  101  9:49  Pylon  
  102  9:52  Probe  
  102  9:53  Probe  
  103  10:05  Probe x2, Protoss Ground Weapons Level 1  
  105  10:14  Assimilator  
  105  10:17  Probe  
  105  10:21  Photon Cannon  
  106  10:25  Zealot x2  
  110  10:33  Templar Archives  
  110  10:37  Photon Cannon  
  110  10:38  Probe  
  111  10:47  Pylon  
  111  10:49  Pylon  
  111  10:56  Zealot x3  
  114  11:16  Stalker x4  
  95  11:48  Protoss Ground Armor Level 3  
  95  11:50  Probe x2  
  91  11:54  Nexus  
  91  11:56  Pylon  
  91  11:59  Pylon  
  91  12:02  Probe x2  
  93  12:15  High Templar  
  93  12:16  High Templar x2  
  93  12:17  High Templar  
  93  12:19  Archon  
  93  12:21  Archon  
  101  12:34  Immortal  
  105  12:48  High Templar x2  
  105  12:49  High Templar x2  
  113  12:52  Archon  
  113  12:53  Archon  
  113  13:07  Gateway  
  113  13:08  Gateway  
  113  13:11  Gateway  
  113  13:14  Gateway  
  87  13:27  Immortal  
  87  13:31  Zealot x4  
  71  13:43  Probe x2  
  71  13:47  Assimilator  
  73  13:49  Probe  
  73  13:52  Assimilator  
  73  13:53  Protoss Ground Weapons Level 2, High Templar x2  
  73  13:54  High Templar x2  
  73  13:55  Probe  
  83  13:58  Archon x2  
  83  14:10  Probe x2  
  83  14:11  Probe  
  83  14:13  High Templar x4  
  94  14:17  Archon  
  94  14:18  Archon  
  94  14:22  Probe x2  
  94  14:23  Probe  
  97  14:31  Zealot x4  
  105  14:46  High Templar x3  
  105  14:49  High Templar  
  105  14:50  Pylon  
  113  14:52  Archon  
  113  14:53  Archon  
  113  14:55  Immortal  
  113  14:58  Zealot x3  
  115  15:13  Zealot  
  101  15:48  High Templar x3  
  93  15:51  Zealot x5  
  93  15:53  Archon  
  103  16:01  Probe x2  
  105  16:09  Nexus  
Show
View Real Time Build Order
Export as new Build Order

Alex Terran - Winner!

Build Orders: Reaper Expand, Bio Tank 

Get SALT Encoding   

  12  0:00  SCV  
  13  0:13  SCV  
  14  0:17  Supply Depot  
  14  0:25  SCV  
  15  0:39  SCV  
  15  0:40  Barracks  
  16  0:46  Refinery  
  16  0:52  SCV  
  17  1:04  SCV  
  18  1:16  SCV  
  19  1:29  Reaper  
  19  1:30  Orbital Command  
  20  1:54  Command Center  
  20  2:02  Barracks Reactor  
  20  2:07  Supply Depot  
  20  2:18  Refinery  
  20  2:20  SCV  
  21  2:23  Factory  
  21  2:32  SCV  
  23  2:44  SCV  
  23  2:45  Marine x2  
  25  2:51  Bunker  
  25  2:56  SCV  
  26  3:02  Marine  
  26  3:03  Marine  
  28  3:05  Orbital Command  
  28  3:08  SCV, Supply Depot  
  30  3:20  Marine x2, Cyclone  
  30  3:36  SCV  
  30  3:37  SCV  
  30  3:38  Marine  
  33  3:49  SCV x2  
  33  3:55  Starport, Factory Tech Lab  
  35  3:56  Marine x2  
  35  4:01  SCV x2  
  39  4:03  Engineering Bay  
  39  4:13  SCV x2  
  41  4:18  Siege Tank  
  41  4:21  Liberator  
  44  4:25  SCV x2  
  44  4:26  Supply Depot  
  44  4:29  Terran Infantry Weapons Level 1  
  46  4:37  SCV  
  50  4:43  Barracks  
  50  4:53  Barracks  
  50  5:09  Siege Tank  
  53  5:16  SCV x2  
  53  5:19  Supply Depot  
  53  5:20  Barracks Reactor, Refinery  
  55  5:22  Refinery  
  55  5:28  SCV  
  55  5:29  SCV  
  55  5:31  Barracks Tech Lab  
  55  5:33  Starport Reactor  
  57  5:40  SCV  
  58  5:45  Supply Depot  
  58  5:54  SCV  
  59  6:00  SCV  
  59  6:01  Barracks Tech Lab, Siege Tank  
  59  6:02  Marine  
  59  6:03  Marine x2  
  63  6:06  Supply Depot  
  63  6:11  SCV  
  64  6:18  Supply Depot  
  64  6:20  SCV, Marine x2, Missile Turret  
  64  6:24  Engineering Bay  
  64  6:25  Terran Infantry Armor Level 1  
  67  6:27  Stimpack  
  67  6:33  SCV  
  67  6:36  SCV  
  67  6:37  Medivac  
  71  6:49  SCV x2  
  71  6:50  Marine x2  
  75  7:01  Supply Depot  
  75  7:06  Medivac  
  75  7:07  Combat Shields  
  77  7:17  Supply Depot  
  77  7:19  SCV, Marine x2  
  77  7:20  Marine x2, Command Center  
  77  7:21  Armory  
  82  7:26  Siege Tank  
  82  7:28  SCV  
  86  7:30  Barracks  
  86  7:31  SCV  
  86  7:33  Barracks  
  86  7:36  Marine x2  
  88  7:38  Marine  
  90  7:53  SCV  
  90  7:54  Marine x3  
  90  7:56  Marine  
  90  7:58  Medivac x2  
  97  8:03  Supply Depot  
  99  8:07  Supply Depot  
  99  8:10  Siege Tank  
  99  8:12  Marine x3  
  105  8:14  Marine  
  106  8:29  Marine  
  106  8:30  Marine x2  
  106  8:32  Marine  
  107  8:41  Marine  
  96  8:42  Siege Tank  
  96  8:47  Marine  
  96  8:48  Marine  
  98  8:50  Marauder  
  98  8:55  Orbital Command  
  100  8:56  SCV x2  
  100  8:57  Marine  
  100  8:58  Marine  
  104  9:05  Marine  
  104  9:06  Marauder  
  104  9:08  SCV x2  
  109  9:11  Marauder  
  109  9:14  Siege Tank, Medivac  
  109  9:15  Marine  
  109  9:16  Marine  
  118  9:20  SCV x2  
  118  9:22  SCV  
  118  9:23  Marine  
  122  9:24  Refinery  
  122  9:27  Marauder  
  124  9:32  SCV, Marine  
  124  9:33  Marine  
  127  9:45  SCV  
  127  9:46  Marine x2, Siege Tank  
  127  9:48  Marauder  
  127  9:49  SCV  
  127  9:50  Marine  
  127  9:51  Terran Infantry Weapons Level 2  
  136  9:57  Supply Depot  
  136  10:00  Terran Infantry Armor Level 2  
  136  10:01  Supply Depot  
  136  10:10  Supply Depot  
  136  10:11  Refinery  
  136  10:12  Barracks Reactor  
  136  10:13  SCV  
  137  10:18  Siege Tank  
  140  10:23  Liberator  
  140  10:24  Marine x4  
  140  10:25  Marine  
  145  10:32  SCV  
  146  10:42  Marine x2  
  151  10:43  Marauder x2  
  151  10:49  Command Center  
  155  10:50  Siege Tank  
  145  11:22  Siege Tank  
  148  11:31  Marine x2  
  144  11:42  Marauder, Marine x2  
  144  11:46  SCV  
  116  11:50  Supply Depot, Marine  
  116  11:51  Marine  
  101  11:54  SCV, Siege Tank  
  101  12:00  Marauder, Marine  
  108  12:04  Marauder, Liberator  
  108  12:05  Missile Turret  
  108  12:07  Supply Depot  
  108  12:08  Supply Depot, Marine x2  
  110  12:12  Supply Depot  
  110  12:13  Supply Depot  
  112  12:16  Terran Infantry Weapons Level 3  
  112  12:17  Marine, Terran Infantry Armor Level 3  
  112  12:22  Marauder  
  118  12:25  Marine  
  118  12:26  Marine x2, Siege Tank  
  124  12:31  SCV  
  124  12:35  Marine  
  126  12:39  SCV  
  126  12:40  Planetary Fortress  
  127  12:45  SCV, Refinery  
  127  12:47  Refinery  
  127  12:48  SCV, Supply Depot  
  127  12:50  Marine x3  
  132  12:54  Marine x2  
  134  12:59  Barracks, Siege Tank  
  134  13:01  Barracks  
  137  13:06  SCV  
  137  13:08  Ghost Academy, Medivac x2  
  142  13:19  Marine  
  93  13:31  Siege Tank  
  93  13:32  SCV x2  
  96  13:34  SCV  
  96  13:35  Marine x5  
  96  13:37  Ghost  
  96  13:38  Concussive Shells  
  101  13:41  Terran Ship Weapons Level 1  
  101  13:42  Marine  
  101  13:47  SCV x2  
  104  13:52  Marine  
  104  13:53  Marine x3  
  104  13:54  SCV, Marine  
  110  13:57  SCV  
  110  13:59  Marine  
  112  14:03  Siege Tank  
  112  14:05  SCV, Ghost  
  112  14:08  Medivac x2  
  122  14:10  Marine x2  
  122  14:11  Marine x2  
  122  14:12  Marine  
  127  14:17  Marine  
  127  14:20  SCV  
  127  14:21  Liberator  
  127  14:23  Barracks Reactor  
  127  14:24  Barracks Tech Lab  
  129  14:26  Supply Depot  
  129  14:28  Marine x3  
  129  14:29  Marine x2  
  129  14:30  Supply Depot  
  134  14:34  Marine  
  134  14:35  Marine, Siege Tank  
  142  14:42  Marine  
  143  14:46  Marine x3  
  143  14:47  Marine x2  
  150  14:53  Marauder, Marine  
  151  15:00  Marine  
  151  15:04  Marine x4  
  148  15:13  Marine x2  
  148  15:14  Marauder x2, Marine  
  153  15:15  Liberator  
  153  15:19  Marauder  
  155  15:22  Marine x4  
  159  15:31  Marine x3  
  159  15:35  Marauder x2  
  169  15:38  Liberator  
  169  15:39  Marine x2  
  169  15:40  Marauder, Marine x2  
  160  15:49  Marine  
  129  15:53  Marine x2  
  129  15:56  SCV  
  129  15:57  Marauder x2, Marine  
  136  16:01  Marauder  
  136  16:02  Marine x3  
  136  16:03  SCV  
  143  16:07  Marine  
  143  16:08  SCV  
  143  16:09  SCV x2  
  143  16:10  Marine  
  148  16:18  Marauder x2  
  155  16:19  Marine x2  
  155  16:20  Marine  
Tags
 
Composition
Bio Tank
Matchup
PvT
Spawn Locations
Cross Positions
Add a new tag
Caveats
  • Supply blocks, unpowered buildings, or Contaminate may cause inaccurate times.
  • Supply counts are checked every 10 seconds.